 Dungeon Crawl Stone Soup version 0.25.1-2-g60ff931df9 (webtiles) character file.

Game seed: 2515867729088558826

39 funkygono the Shooter (level 3, -5/22 HPs)
             Began as a Gargoyle Hunter on Sept 28, 2020.
             Killed from afar by Natasha (9 damage)
             ... with a magic dart
             ... on level 2 of the Dungeon.
             The game lasted 00:02:37 (1570 turns).

funkygono the Shooter (Gargoyle Hunter)             Turns: 1570, Time: 00:02:37

Health: -5/22      AC:  6    Str: 16    XL:     3   Next: 47%
Magic:  3/3        EV: 11    Int: 11    God:
Gold:   54         SH:  0    Dex: 10    Spells: 2/2 levels left

rFire    . . .     SeeInvis .   a - +0 club
rCold    . . .     Gourm    .   (no shield)
rNeg     + . .     Faith    .   c - +0 leather armour
rPois    ∞         Spirit   .   (no helmet)
rElec    +         Reflect  .   (no cloak)
rCorr    .         Harm     .   (no gloves)
MR       +....                  (no boots)
Stlth    +.........             (no amulet)
HPRegen  0.07/turn              l - ring of protection from magic
MPRegen  0.08/turn              (no ring)

@: no status effects
A: negative energy resistance 1, electricity resistance, unbreathing,
petrification resistance, rot immunity, AC +3
a: no special abilities


You were on level 2 of the Dungeon.
You were not hungry.

You visited 1 branch of the dungeon, and saw 2 of its levels.

You collected 54 gold pieces.

Inventory:

Hand Weapons
 a - a +0 club (weapon)
 b - a +1 shortbow
 i - a +0 short sword
Missiles
 d - 33 arrows
Armour
 c - a +0 leather armour (worn)
Jewellery
 l - a ring of protection from magic (left hand)
Scrolls
 g - a scroll of identify
 h - a scroll of random uselessness {unknown}
 j - a scroll of remove curse
 n - a scroll of fog {unknown}
Potions
 e - a potion of curing {unknown}
 k - a potion of might {unknown}
Comestibles
 f - a ration
 m - a chunk of flesh


   Skills:
 + Level 2.4 Fighting
 + Level 0.6 Maces & Flails
 + Level 4.7 Bows
 + Level 0.9 Armour
 + Level 1.5 Dodging
 + Level 1.1 Stealth


You had 2 spell levels left.
You didn't know any spells.
Your spell library was empty.

Dungeon Overview and Level Annotations

Branches:
Dungeon (2/15)

Altars:

Annotations:
D:2 Natasha


Innate Abilities, Weirdness & Mutations

You are resistant to torment.
Your stone body is resilient. (AC +3)
You are immune to poison.
You resist negative energy. (rN+)
You are resistant to electric shocks. (rElec)
You can survive without breathing.
You are immune to petrification.
You are immune to rotting.


Message History

You barely miss Natasha.
Natasha is severely wounded.
Natasha stares at you and mumbles some strange words.
You resist with almost no effort.
You hit Natasha but do no damage.
Natasha is severely wounded.
Natasha barely misses you.
You hit Natasha.
Natasha is severely wounded.
Natasha mumbles some strange words.
Natasha claws you.
* * * LOW HITPOINT WARNING * * *
You hit Natasha.
Natasha is almost dead.
Natasha closely misses you.
You barely miss Natasha.
Natasha is almost dead.
Natasha casts a spell at you. The magic dart hits you!
You die...

###...#### #........#
#........##########
#.................#
#........#.###.##.#
#........#.# #.##.#
..###.....####.#
#.##.# ........#.# #.#
#....# #.###.(.#@#
#.#####..# #####h#
#........# .55
#######.## .....
######.#### .....(.
#.........#
.........#.##...##.##
+.....=...+...........
#....(.(.(#.##...##.##
# ##..##.#


You could see Natasha and 2 shadow imps.

Vanquished Creatures
  3 worms (D:2)
  2 leopard geckos
  2 giant cockroaches (D:1)
  5 goblins
  2 hobgoblins
  4 jackals (D:1)
  A quokka (D:2)
  A bat (D:2)
  3 kobolds
  5 rats
28 creatures vanquished.

Notes
Turn   | Place    | Note
-------+----------+-------------------------------------------
     0 | D:1      | funkygono the Gargoyle Hunter began the quest for the Orb.
     0 | D:1      | Reached XP level 1. HP: 12/12 MP: 1/1
   257 | D:1      | Reached XP level 2. HP: 17/17 MP: 2/2
  1136 | D:2      | Reached XP level 3. HP: 17/22 MP: 3/3
  1547 | D:2      | Noticed Natasha
  1570 | D:2      | Killed from afar by Natasha

Illustrated notes

Levels and vault maps discovered:
D:1:      lightli_arrival_quake, layout_loops_corners
D:2:      lemuel_upstairs_altar, layout_loops_corners, uniq_natasha

Action                   || total
-------------------------++-------
Melee: Short sword       ||     2
       Club              ||    69
 Fire: Shortbow          ||    49
  Use: Scroll            ||     4
  Eat: Chunk             ||     2
Armor: Leather armour    ||    20
Dodge: Dodged            ||    51
